 Dungeon Crawl Stone Soup version 0.31-a0-1589-g8f5e8aebd6 (webtiles) character file.

Game seed: 2910184817953270300

12439 Atlas the Grappler (level 11, -6/144 HPs)
             Began as a Troll Shapeshifter on Jan 5, 2024.
             Was an Initiate of Gozag.
             Killed from afar by a hell knight (20 damage)
             ... with a bolt of fire
             ... on level 12 of the Dungeon.
             The game lasted 00:10:39 (8853 turns).

Atlas the Grappler (Troll Shapeshifter)             Turns: 8853, Time: 00:10:40

Health: -6/144     AC: 25    Str: 27 (28) XL:     11   Next: 62%
Magic:  10/10      EV:  1    Int:  5 (6)  God:    Gozag
Gold:   791        SH:  5    Dex: 12 (15) Spells: 10/10 levels left

rFire   . .          .
                       - Unarmed
rCold   + . .        (no shield)
rNeg    + . .        B - melded +0 swamp dragon scales
rPois   +            (helmet currently unavailable)
rElec   .            (cloak currently unavailable)
rCorr   .            (gloves unavailable)
SInv    .            (boots unavailable)
Will    +....        l - amulet of reflection
Stlth   ++           F - ring "Zero" {rC+ rN+ Will+ Dex+6}
HPRegen 1.24/turn    n - +5 ring of evasion
MPRegen 0.12/turn

%: reflection
@: tree-form
A: stationary, stasis, torment immunity, boosted hp, large, unfitting armour,
(claws 3), regeneration 1, (shaggy fur 1), (tough skin 1)
a: Renounce Religion, Potion Petition, Call Merchant, Bribe Branch


You were on level 12 of the Dungeon.
You worshipped Gozag.
Gozag was pleased with you.
You were a tree.
You visited 2 branches of the dungeon, and saw 13 of its levels.

You collected 2333 gold pieces.
You spent 987 gold pieces at shops.
You paid 555 gold pieces to Gozag.

Inventory:

Armour
 z - a +2 robe of willpower
 B - +0 swamp dragon scales (melded)
 K - a scarf of repulsion
 O - a +1 cloak of poison resistance
Jewellery
 j - a +6 ring of intelligence
 l - an amulet of reflection (around neck)
 n - a +5 ring of evasion (right branch)
 D - an amulet of guardian spirit
 E - an amulet of the acrobat
 F - the ring "Zero" (left branch) {rC+ rN+ Will+ Dex+6}
   (You bought it in a shop on level 6 of the Dungeon)

   [ring of dexterity]

   Dex+6:     It affects your dexterity (+6).
   rC+:       It protects you from cold.
   rN+:       It protects you from negative energy.
   Will+:     It increases your willpower.
Talismans
 c - a beast talisman
 d - a flux talisman
 u - a serpent talisman
Wands
 t - a wand of polymorph (15)
 v - a wand of paralysis (17)
 I - a wand of iceblast (1)
 J - a wand of mindburst (7)
 M - a wand of light (5)
Scrolls
 e - 3 scrolls of noise {unknown}
 f - 3 scrolls of brand weapon {unknown}
 h - 2 scrolls of revelation {unknown}
 m - a scroll of amnesia {unknown}
 o - 4 scrolls of teleportation {unknown}
 p - 8 scrolls of identify {unknown}
 q - 2 scrolls of fear {unknown}
 r - 2 scrolls of fog {unknown}
 y - a scroll of torment {unknown}
 C - a scroll of poison {unknown}
 H - a scroll of vulnerability {unknown}
 P - a scroll of butterflies {unknown}
Potions
 a - a potion of heal wounds {unknown}
 b - a potion of lignification
 g - 2 potions of brilliance {unknown}
 i - a potion of berserk rage {unknown}
 k - 2 potions of degeneration
 s - 2 potions of haste {unknown}
 w - 2 potions of cancellation {unknown}
 x - 2 potions of magic
 A - 2 potions of curing {unknown}
 G - a potion of might {unknown}
 L - a potion of attraction {unknown}
 N - a potion of mutation {unknown}
 R - a potion of ambrosia {unknown}


   Skills:
 + Level 2.7 Fighting
 + Level 4.9 Armour
 + Level 5.6 Dodging
 + Level 1.4 Stealth
 + Level 4.4 Shields
 + Level 12.5 Unarmed Combat
 * Level 8.9 Shapeshifting


You had 10 spell levels left.
You didn't know any spells.
Your spell library contained the following spells:

 Spells                   Type           Power      Damage    Failure   Level
 Sandblast                Erth           0%         2d4       47%         1
 Slow                     Hex            0%         N/A       47%         1
 Summon Small Mammal      Summ           0%         N/A       47%         1
 Cigotuvi's Dreadful Rot  Necr/Alch/Air  0%         N/A       63%         2
 Ensorcelled Hibernation  Hex/Ice        0%         N/A       63%         2
 Call Canine Familiar     Summ           0%         N/A       85%         3
 Confusing Touch          Hex            0%         N/A       85%         3
 Fugue of the Fallen      Necr           0%         N/A       85%         3
 Passwall                 Erth           0%         N/A       85%         3
 Sigil of Binding         Hex            0%         N/A       85%         3
 Stone Arrow              Conj/Erth      0%         3d7       85%         3
 Summon Ice Beast         Ice/Summ       0%         N/A       85%         3
 Swiftness                Air            0%         N/A       85%         3
 Vampiric Draining        Necr           0%         2d6       85%         3
 Anguish                  Hex/Necr       0%         N/A       99%         4
 Brom's Barrelling Bould  Conj/Erth      0%         2d3       99%         4
 Ignite Poison            Fire/Alch      0%         N/A       99%         4
 Summon Blazeheart Golem  Fire/Summ      0%         N/A       99%         4
 Freezing Cloud           Conj/Ice/Air   0%         6-21      100%        5
 Summon Mana Viper        Hex/Summ       0%         N/A       100%        5
 Monstrous Menagerie      Summ           0%         N/A       100%        7


Dungeon Overview and Level Annotations

Branches:
Dungeon (12/15)            Temple (1/1) D:4            Lair (0/5) D:10
    Orc (0/2) D:12

Altars:
Ashenzari
Cheibriados
Dithmenos
Elyvilon
Fedhas
Gozag
Hepliaklqana
Kikubaaqudgha
Makhleb
Nemelex Xobeh
Okawaru
Qazlal
Ru
Sif Muna
Trog
Uskayaw
Vehumet
Wu Jian
Xom
Yredelemnul
Zin
The Shining One

Shops:
D:1 !   D:6 (=   D:11 [:


Innate Abilities, Weirdness & Mutations

You are a tree.
Your roots penetrate the ground, keeping you stationary.
You cannot be teleported.
You are immune to unholy pain and torment.
Your maximum health is greatly increased.
Your equipment is partially melded.
You are too large for most types of armour.
((You have claws for hands.))
Your natural rate of healing is unusually fast.
((You are covered in fur. (AC +1)))
((You have tough skin. (AC +1)))


Message History

You scratch the hell knight.
The hell knight is lightly wounded.
The hell knight hits you with a +0 demon blade of flaming!
The hell knight burns you.
You mangle the hell knight!!
The hell knight is moderately wounded.
The hell knight hits you with a +0 demon blade of flaming!
* * * LOW HITPOINT WARNING * * *
The hell knight burns you.
* * * LOW HITPOINT WARNING * * *
You block the hell knight's attack.
Your transformation has ended.
You turn into a tree.
Your +0 swamp dragon scales melds into your body.
Your roots penetrate the ground.
The hell knight hits you with a +0 demon blade of flaming!
* * * LOW HITPOINT WARNING * * *
The hell knight burns you.
* * * LOW HITPOINT WARNING * * *
You pummel the hell knight!!
The hell knight is heavily wounded.
The hell knight hits you but does no damage.
Unknown command.
You closely miss the hell knight.
The hell knight is heavily wounded.
You hear the crackling of a very distant melting archway.
The hell knight hits you with a +0 demon blade of flaming.
* * * LOW HITPOINT WARNING * * *
The hell knight burns you.
* * * LOW HITPOINT WARNING * * *
It was a potion of degeneration.
There was something very wrong with that liquid.
You feel weakened.
You feel dopey.
You feel clumsy.
The hell knight hits you but does no damage.
The hell knight barely misses you.
It was a potion of magic.
Magic courses through your body.
The hell knight invokes the aid of its god against you.
The bolt of fire hits you!!
You die...
Your body crumbles into a pile of gold.

.....# ##..##...# #........
.....# ##8.^8#.### #...#...
#....###..>....# #.....
##.#.##.......###############....
#.#....#8..8###..#.........##...
##....####..## #.....≈.≈.≈..⌠#..#
....#......## #.........≈..##...
.#....####.#####.............'...
.#.#.##........p♣......#§....'.._
.#..#.#.##.#####.....§§..§...'...
.#.###..##.# #....§.§..≈§.##...
.#..#....#># #...§§≈.≈.§..⌠#..#
.#.#.#...#.# #..#.§§§.....##...
.#.#..(....#####.############....
.#...........>...# ....
.#.#.......#####.# .#.p.
...........#####.# .....


You could see a hell knight (fast).

Vanquished Creatures
  2 two-headed ogres (D:10)
  A deep elf pyromancer (D:11)
  Maurice (D:10)
  A smoke demon (D:12)
  An orange demon (D:12)
  5 slime creatures (D:11)
  An unseen horror (D:11)
  2 komodo dragons (D:12)
  A gargoyle (D:10)
  3 kobold demonologists (D:11)
  Maggie (D:6)
  3 trolls (D:12)
  A hellwing (D:12)
  Grinder (D:4)
  3 shadows
  Sigmund (D:4)
  3 yaks (D:11)
  Menkaure (D:7)
  2 water moccasins (D:6)
  2 acid dragons
  A sky beast (D:8)
  3 black bears
  An ogre (D:5)
  11 centaurs
  5 kobold brigands
  Blork the orc (D:5)
  A scorpion (D:5)
  2 bullfrogs
  13 wights
  5 howler monkeys
  A jelly (D:5)
  A crimson imp (D:4)
  2 bombardier beetles
  3 hounds
  11 orc priests
  4 iguanas
  2 sleepcaps (D:6)
  Ijyb (D:3)
  18 orc wizards
  7 gnolls (D:4)
  5 adders
  A shadow imp (D:5)
  A white imp (D:7)
  2 ufetubi
  5 dart slugs
  4 ribbon worms
  58 orcs
  7 endoplasms
  2 giant cockroaches
  5 goblins
  11 hobgoblins
  3 jackals (D:1)
  6 quokkas
  11 ball pythons
  4 bats
  A frilled lizard (D:3)
  20 kobolds
  6 rats
281 creatures vanquished.

Vanquished Creatures (others)
  2 kobolds (D:9)
2 creatures vanquished.

Grand Total: 283 creatures vanquished

Notes
Turn   | Place    | Note
-------+----------+-------------------------------------------
     0 | D:1      | Atlas the Troll Shapeshifter began the quest for the Orb.
     0 | D:1      | Reached XP level 1. HP: 18/18 MP: 0/0
   188 | D:1      | Reached XP level 2. HP: 25/26 MP: 1/1
   396 | D:1      | Reached XP level 3. HP: 32/32 MP: 2/2
   593 | D:1      | Found Qymoez's Distillery.
   830 | D:1      | Found a white marble altar of Elyvilon.
  1370 | D:2      | Found a faded altar of an unknown god.
  1539 | D:3      | Found a sacrificial altar of Ru.
  1628 | D:3      | Reached XP level 4. HP: 40/40 MP: 3/3
  1641 | D:3      | Reached skill level 4 in Unarmed Combat
  1662 | D:3      | Found a shadowy altar of Dithmenos.
  1731 | D:3      | Found an ancient bone altar of Kikubaaqudgha.
  1823 | D:3      | Found a hide-covered altar of Uskayaw.
  1861 | D:3      | Noticed Ijyb
  1973 | D:3      | Reached XP level 5. HP: 21/46 MP: 4/4
  2266 | D:3      | Killed Ijyb
  2444 | D:4      | Noticed Sigmund
  2516 | D:4      | Killed Sigmund
  2517 | D:4      | Reached skill level 1 in Fighting
  2517 | D:4      | Reached skill level 1 in Shields
  2517 | D:4      | Reached skill level 5 in Unarmed Combat
  2517 | D:4      | Reached XP level 6. HP: 29/55 MP: 5/5
  2590 | D:4      | Found a staircase to the Ecumenical Temple.
  2591 | D:4      | Noticed Grinder
  2603 | Temple   | Entered the Ecumenical Temple
  2611 | Temple   | Became a worshipper of Gozag Ym Sagoz the Greedy
  2623 | D:4      | Paralysed by Grinder for 5 turns
  2632 | D:4      | Killed Grinder
  2633 | D:4      | Reached skill level 6 in Unarmed Combat
  2633 | D:4      | Reached skill level 5 in Shapeshifting
  2633 | D:4      | Reached XP level 7. HP: 44/62 MP: 6/6
  2642 | D:4      | Identified the +3 pair of boots "Zeunor" {Int+4}
  2715 | D:4      | Found a shimmering altar of Xom.
  2716 | D:4      | Found a burning altar of Makhleb.
  3064 | D:5      | Entered Level 5 of the Dungeon
  3088 | D:5      | Reached skill level 1 in Stealth
  3378 | D:5      | Reached XP level 8. HP: 49/70 MP: 7/7
  3692 | D:5      | Noticed Blork the orc
  3704 | D:5      | Killed Blork the orc
  3832 | D:6      | Found Vamots's Jewellery Shoppe.
  3838 | D:6      | Reached skill level 7 in Unarmed Combat
  3866 | D:6      | Found a bloodstained altar of Trog.
  3901 | D:6      | Noticed Maggie
  3965 | D:6      | Killed Maggie
  4051 | D:6      | Found Kotumot's Antique Weapon Emporium.
  4158 | D:6      | Reached XP level 9. HP: 79/79 MP: 8/8
  4193 | D:6      | Reached skill level 8 in Unarmed Combat
  4694 | D:7      | Noticed Menkaure
  4700 | D:7      | Killed Menkaure
  4701 | D:7      | Reached skill level 1 in Armour
  4944 | D:7      | Found a basalt altar of Yredelemnul.
  4948 | D:7      | Found a hazy altar of Hepliaklqana.
  4951 | D:7      | Found a shimmering blue altar of Sif Muna.
  4951 | D:7      | Found an ornate altar of the Wu Jian Council.
  4961 | D:7      | Found a white marble altar of Elyvilon.
  5407 | D:8      | Reached skill level 9 in Unarmed Combat
  6251 | D:6      | Bought a serpent talisman for 330 gold pieces
  6251 | D:6      | Bought the ring "Zero" {rC+ rN+ Will+ Dex+6} for 657 gold
                  | pieces
  6330 | D:9      | Reached XP level 10. HP: 86/87 MP: 9/9
  6754 | D:9      | Reached skill level 10 in Unarmed Combat
  6942 | D:10     | Entered Level 10 of the Dungeon
  6942 | D:10     | Noticed a two-headed ogre
  6952 | D:10     | Killed a two-headed ogre
  7304 | D:10     | Found a staircase to the Lair.
  7307 | D:10     | Noticed a gargoyle
  7319 | D:10     | Killed a gargoyle
  7483 | D:10     | Noticed Maurice
  7489 | D:10     | Something stole a +6 ring of intelligence
  7490 | D:10     | Something stole a beast talisman
  7491 | D:10     | Something stole 474 gold
  7557 | D:10     | Something stole 53 gold
  7558 | D:10     | Killed Maurice
  7559 | D:10     | Reached skill level 5 in Dodging
  7634 | D:11     | Noticed a deep elf pyromancer
  7638 | D:11     | Killed a deep elf pyromancer
  7644 | D:11     | Reached skill level 11 in Unarmed Combat
  7739 | D:11     | Noticed a sun demon
  7813 | D:11     | Reached XP level 11. HP: 93/93 MP: 10/10
  7876 | D:11     | Found Ysienu Vocs's Book Emporium.
  7918 | D:11     | Noticed a two-headed ogre
  8035 | D:10     | Killed a two-headed ogre
  8036 | D:10     | Reached skill level 12 in Unarmed Combat
  8615 | D:12     | Found a staircase to the Orcish Mines.
  8722 | D:12     | Found a burning altar of Makhleb.
  8819 | D:12     | Noticed a hell knight
  8853 | D:12     | Killed from afar by a hell knight

Illustrated notes

Levels and vault maps discovered:
D:1:      dpeg_arrival_lava_altar, layout_loops_corners, serial_shops, shop
D:2:      layout_loops_ring, ebering_ecumenical_altar_petrified
D:3:      minmay_chambers_of_threes, layout_basic, nicolae_ru_awakened_eye,
          mainiacjoe_overflow_alcove_2, nicolae_overflow_crystal_walls,
          nicolae_dithmenos_the_darkroom, hex_large, uniq_ijyb
D:4:      layout_cave_pools, grunt_temple_overflow_champion_of_chaos,
          minmay_temple_entry_slanted, grunt_decor_cap, uniq_grinder,
          uniq_sigmund
D:5:      layout_gridville, uniq_blork_the_orc
D:6:      layout_basic, mainiacjoe_overflow_catwalk, serial_shops,
          nicolae_take_the_stairs, shop, minmay_misc_feat_columns, uniq_maggie
D:7:      layout_gridville, nicolae_overflow_hallway_of_the_gods, uniq_menkaure
D:8:      layout_basic, chequers_serial_rivers_room_a,
          nicolae_concentric_dashed_squares_mild, kennysheep_boxes
D:9:      layout_big_octagon
D:10:     layout_long_grid, lair_entry_dummy, uniq_maurice
D:11:     layout_rooms, serial_shops, shop
D:12:     regret_index_makhleb_lecture_halls, layout_loops_ring,
          portal_ice_cave_entry_animals_and_master, st_stairs_6,
          minmay_guarded_unrand_variability
Temple:   nicolae_temple_ecumenical_triangle

Skill      XL: |  1  2  3  4  5  6  7  8  9 10 11 |
---------------+----------------------------------+-----
Shapeshifting  | 4 5 6 7 8 |  8.9
Unarmed Combat | 4 5 6 7 9 11 12 | 12.5
Dodging        | 2 3 4 5 |  5.6
Fighting       | 1 2 |  2.7
Shields        | 1 2 3 4 |  4.4
Stealth        | 1 |  1.4
Armour         | 2 4 |  4.9

Action                     |  1- 3 |  4- 6 |  7- 9 | 10-12 || total
---------------------------+-------+-------+-------+-------++-------
  Melee: Unarmed           |   109 |   126 |   302 |   217 ||   754
         Punch             |       |     6 |    13 |    17 ||    36
  Throw: Throwing net      |       |       |       |     1 ||     1
 Invoke: Call Merchant     |       |       |       |     1 ||     1
    Use: Potion            |       |       |       |     3 ||     3
   Stab: Sleeping          |       |     1 |       |       ||     1
         Distracted        |       |       |     1 |       ||     1
 Armour: Animal skin       |    57 |    52 |    16 |       ||   125
         Swamp dragon scal |       |       |   102 |   160 ||   262
         Robe              |       |       |    25 |       ||    25
         Skin              |       |       |       |     5 ||     5
  Dodge: Dodged            |    44 |    79 |   176 |   143 ||   442
  Block: Other             |    11 |    28 |    63 |    51 ||   153
         Reflection        |       |       |     1 |     9 ||    10

Table legend: (Time is in decaauts)
 A = Elapsed time spent in this place.
 B = Non-inter-level travel time spent in this place.
 C = Inter-level travel time spent in this place.
 D = Time resting spent in this place.
 E = Time spent auto-exploring this place.
 F = Levels seen in this place.
 G = Mean time per level.
                   A        B        C        D        E       F      G
               +--------+--------+--------+--------+--------+-----+--------+
         Total |   8750 |   8330 |    420 |    223 |   6240 |  13 |  673.1 |
       Dungeon |   8735 |   8328 |    407 |    223 |   6240 |  12 |  727.9 |
        Temple |     15 |      2 |     13 |      0 |      0 |   1 |   15.0 |
               +--------+--------+--------+--------+--------+-----+--------+

Top non-repeatable levels by time:
     D:3: 916 daAuts
     D:8: 885 daAuts
     D:1: 875 daAuts
     D:7: 833 daAuts
     D:5: 769 daAuts
    D:11: 754 daAuts
    D:10: 731 daAuts
     D:6: 718 daAuts
     D:9: 670 daAuts
     D:2: 632 daAuts
     D:4: 589 daAuts
    D:12: 356 daAuts
  Temple: 15 daAuts
